 Dungeon Crawl Stone Soup version 0.29-a0-233-g1125b37a9b (webtiles) character file.

Game seed: 1621541603431269746

10 jlumianski the Chopper (level 2, -4/22 HPs)
             Began as a Demonspawn Gladiator on Mar 1, 2022.
             Slain by a kobold
             ... wielding a +0 short sword
              (5 damage)
             ... on level 1 of the Dungeon.
             The game lasted 00:00:45 (265 turns).

jlumianski the Chopper (Demonspawn Gladiator)        Turns: 265, Time: 00:00:45

Health: -4/22      AC:  4    Str: 14    XL:     2   Next: 10%
Magic:  2/2        EV: 12    Int:  9    God:
Gold:   24         SH:  0    Dex: 14    Spells: 1/1 levels left

rFire   . . .      SeeInvis .   a - +0 war axe
rCold   . . .      Faith    .   (no shield)
rNeg    . . .      Spirit   .   b - +0 leather armour
rPois   .          Reflect  .   c - +0 helmet
rElec   .          Harm     .   (no cloak)
rCorr   .          Rampage  .   (no gloves)
Will    .....                   (no boots)
Stlth   +.........              (no amulet)
HPRegen 0.07/turn               (no ring)
MPRegen 0.08/turn               (no ring)

@: no status effects
A: demonic magic 1
a: no special abilities


You were on level 1 of the Dungeon.
You visited 1 branch of the dungeon, and saw 1 of its levels.

You collected 24 gold pieces.

Inventory:

Hand Weapons
 a - a +0 war axe (weapon)
 g - a +0 dagger of protection
Missiles
 d - 3 throwing nets (quivered)
Armour
 b - a +0 leather armour (worn)
 c - a +0 helmet (worn)
Scrolls
 e - a scroll of silence {unknown}
 f - a scroll of magic mapping {unknown}


   Skills:
 + Level 2.2 Fighting
 + Level 3.1 Axes
 + Level 1.7 Throwing
 + Level 2.7 Dodging


You had one spell level left.
You didn't know any spells.
Your spell library was empty.

Dungeon Overview and Level Annotations

Branches:
Dungeon (1/15)

Altars:


Innate Abilities, Weirdness & Mutations

Spells you cast may paralyse adjacent enemies.


Message History

You kill the goblin!
You hit the ball python.
You kill the ball python!
Things that are here:
a +0 club; a goblin corpse A kobold comes into view.
It is wielding a +0 short sword.
Found a scale mail.
The kobold throws a stone.
The stone closely misses you.
There is a stone staircase leading down here.
The kobold hits you but does no damage. The kobold barely misses you.
The kobold barely misses you.
The kobold hits you with a +0 short sword.
The kobold barely misses you.
The kobold hits you with a +0 short sword.
The kobold hits you but does no damage. The kobold barely misses you.
The kobold hits you with a +0 short sword.
The kobold hits you with a +0 short sword.
The kobold hits you but does no damage. The kobold barely misses you.
The kobold hits you with a +0 short sword.
The kobold closely misses you.
The kobold hits you with a +0 short sword.
* * * LOW HITPOINT WARNING * * *
The kobold closely misses you.
The kobold hits you with a +0 short sword.
* * * LOW HITPOINT WARNING * * *
The kobold hits you but does no damage.
The kobold hits you with a +0 short sword.
* * * LOW HITPOINT WARNING * * *
The kobold closely misses you. The kobold barely misses you.
The kobold hits you with a +0 short sword.
* * * LOW HITPOINT WARNING * * *
The kobold closely misses you. The kobold barely misses you.
The kobold closely misses you. The kobold closely misses you.
The kobold hits you with a +0 short sword.
You die...

############ ####
##..........# ..#
#.....#.###.# #[#
#..#.###.....
#.####..##.#.###.#
#@>..)..# ........
#K..........####.#
#.####.###### #.#
#.# #.# #.. #.#
#.# ... ... ...
.## ... ... #..#
#... .


You could see a kobold.

Vanquished Creatures
  A dart slug (D:1)
  3 bats (D:1)
  An endoplasm (D:1)
  A goblin (D:1)
  A ball python (D:1)
  A frilled lizard (D:1)
  A kobold (D:1)
9 creatures vanquished.

Notes
Turn   | Place    | Note
-------+----------+-------------------------------------------
     0 | D:1      | jlumianski the Demonspawn Gladiator began the quest for the
                  | Orb.
     0 | D:1      | Reached XP level 1. HP: 16/16 MP: 1/1
    58 | D:1      | Reached skill level 3 in Axes
   222 | D:1      | Gained mutation: Spells you cast may paralyse adjacent
                  | enemies. [demonic ancestry]
   222 | D:1      | Reached XP level 2. HP: 22/22 MP: 2/2
   260 | D:1      | HP: 1/22 [kobold/+0 short sword (2)]
   265 | D:1      | Slain by a kobold

Illustrated notes

Levels and vault maps discovered:
D:1:      lightli_arrival_isolated_outpost, layout_loops_ring,
          hellmonk_ecumenical_altar_dog_temple, hangedman_decor_peaks_small

Skill      XL: |  1 |
---------------+----+-----
Axes           | 3 |  3.1
Fighting       | |  2.2
Throwing       | |  1.7
Dodging        | |  2.7

Action                   || total
-------------------------++-------
Melee: War axe           ||    20
Armor: Leather armour    ||    18
Dodge: Dodged            ||    40

Table legend: (Time is in decaauts)
 A = Elapsed time spent in this place.
 B = Non-inter-level travel time spent in this place.
 C = Inter-level travel time spent in this place.
 D = Time resting spent in this place.
 E = Time spent auto-exploring this place.
 F = Levels seen in this place.
 G = Mean time per level.
                   A        B        C        D        E       F      G
               +--------+--------+--------+--------+--------+-----+--------+
         Total |    273 |    273 |      0 |      0 |    149 |   1 |  273.0 |
       Dungeon |    273 |    273 |      0 |      0 |    149 |   1 |  273.0 |
               +--------+--------+--------+--------+--------+-----+--------+

Top non-repeatable levels by time:
     D:1: 273 daAuts
